[Event "Titled Tuesday Blitz July 4 Late 2023"]
[White "Romero Ruscalleda, Josep"]
[Black "Ghazarian, Kirk"]
[WhiteFideId "2231859"]
[BlackFideId "30908604"]
[WhiteElo "2422"]
[BlackElo "2730"]
[Result "0-1"]
[Round "1"]
[TimeControl "180+2"]
[Date "2023.07.04"]
[WhiteClock "0:00:07"]
[BlackClock "0:00:19"]
[Board "68"]

1. e4 c5 2. c3 e5 3. Nf3 Nc6 4. Bc4 Nf6 5. d3 d5 6. exd5 Nxd5 7. O-O Be7 8. Re1 f6 9. d4 Nb6 10. Bb5 Bg4 11. h3 Bxf3 12. Qxf3 cxd4 13. cxd4 Qxd4 14. Nc3 O-O 15. Bxc6 bxc6 16. Qxc6 Qc4 17. Qf3 Rac8 18. Be3 Rfd8 19. Rac1 Qe6 20. Bxb6 axb6 21. a3 Bc5 22. Red1 Bd4 23. Rd2 e4 24. Qe2 e3 25. Rxd4 Rxd4 26. fxe3 Rd7 27. e4 h6 28. Re1 Re8 29. Nd5 Rxd5 30. Qc4 Re5 0-1


[Site "https://www.chess.com"]

[Event "Titled Tuesday Blitz July 4 Late 2023"]
[White "Wieczorek, Oskar"]
[Black "KorolDimitriy75"]
[WhiteFideId "1133950"]
[WhiteElo "2729"]
[BlackElo "2421"]
[Result "0-1"]
[Round "1"]
[TimeControl "180+2"]
[Date "2023.07.04"]
[WhiteClock "0:00:05"]
[BlackClock "0:00:04"]
[Board "69"]

1. e4 c5 2. Nf3 d6 3. d4 cxd4 4. Nxd4 Nf6 5. Nc3 g6 6. Be2 Bg7 7. O-O O-O 8. Nb3 Nc6 9. Re1 a6 10. Bf1 b5 11. a4 b4 12. Nd5 Bb7 13. a5 Nd7 14. c3 bxc3 15. Nxc3 Rc8 16. Be3 Nce5 17. Ra4 Bc6 18. Rb4 Rb8 19. Rxb8 Nxb8 20. f4 Ned7 21. Bd4 Qc7 22. Bxg7 Kxg7 23. Qd4+ Kg8 24. Qb4 Rc8 25. h4 Qb7 26. Qxb7 Bxb7 27. Kf2 Nc5 28. Nd4 Kf8 29. Ke3 e6 30. h5 Ke7 31. Be2 Nbd7 32. Bf3 e5 33. Nde2 exf4+ 34. Nxf4 Ne5 35. Nfd5+ Kf8 36. Be2 Nb3 37. hxg6 hxg6 38. Rh1 Kg7 39. Rd1 Nxa5 40. Ra1 Nac4+ 41. Bxc4 Nxc4+ 42. Kd4 Nxb2 43. Rb1 Bxd5 44. Nxd5 Nc4 45. Rb4 Ne5 46. Rb6 Nc6+ 47. Ke3 a5 48. Ra6 g5 49. Nb6 Rc7 50. Nd5 Rc8 51. Kf3 Nd4+ 52. Kg4 Rc2 53. Kxg5 Rxg2+ 54. Kf4 Ra2 55. Rxd6 a4 56. Ra6 Nb3 57. Ne7 Nc5 58. Nf5+ Kh7 59. Ra7 Kg6 60. Rc7 Ne6+ 61. Ke5 a3 62. Ne7+ 0-1


[Site "https://www.chess.com"]

[Event "Titled Tuesday Blitz July 4 Late 2023"]
[White "Seresin, Francesco"]
[Black "Fernandez Guillen, Ernesto J."]
[WhiteFideId "886335"]
[BlackFideId "3512428"]
[WhiteElo "2418"]
[BlackElo "2724"]
[Result "0-1"]
[Round "1"]
[TimeControl "180+2"]
[Date "2023.07.04"]
[WhiteClock "0:00:20"]
[BlackClock "0:01:04"]
[Board "70"]

1. d4 Nf6 2. c4 e6 3. Nc3 Bb4 4. Qc2 Bxc3+ 5. Qxc3 O-O 6. Bg5 b6 7. e3 Bb7 8. Qc2 d6 9. Ne2 Nbd7 10. Nc3 e5 11. dxe5 Nxe5 12. f3 h6 13. Bh4 Re8 14. O-O-O a5 15. Bd3 a4 16. Be4 Bxe4 17. Nxe4 g5 18. Bg3 a3 19. b3 Nxe4 20. Qxe4 Qf6 21. Qd4 Rad8 22. h4 c5 23. Bxe5 Rxe5 24. Qc3 Qe7 25. e4 f5 26. hxg5 Qxg5+ 27. Qd2 Qxd2+ 28. Rxd2 Kg7 29. exf5 Rxf5 30. Rhd1 Rf6 31. Re1 Rd7 32. Re4 h5 33. Rd5 Rg6 34. g4 Rf7 35. gxh5 Rg1+ 36. Kc2 Rxf3 37. Re7+ Kf6 38. Re2 Ra1 39. Rxd6+ Kf5 40. Kd2 Rxa2+ 41. Ke1 Ra1+ 42. Kd2 a2 43. Rxb6 0-1


[Site "https://www.chess.com"]

[Event "Titled Tuesday Blitz July 4 Late 2023"]
[White "Ozer, Omer Faruk"]
[Black "Philippe, Guillaume"]
[WhiteFideId "6354564"]
[BlackFideId "36048763"]
[WhiteElo "2718"]
[BlackElo "2417"]
[Result "1-0"]
[Round "1"]
[TimeControl "180+2"]
[Date "2023.07.04"]
[WhiteClock "0:00:19"]
[BlackClock "0:00:25"]
[Board "71"]

1. d4 Nf6 2. Nf3 d5 3. c4 e6 4. Nc3 dxc4 5. e4 b5 6. e5 Nd5 7. Nxb5 Nb6 8. g3 Bb7 9. Bg2 Be7 10. O-O O-O 11. Qe2 Nc6 12. Rd1 Nb4 13. Nc3 Qc8 14. h4 c5 15. Bg5 Bxg5 16. hxg5 cxd4 17. Rxd4 Rd8 18. Rh4 Nd3 19. Ne1 Bxg2 20. Nxg2 Qc5 21. Qh5 Qxf2+ 22. Kh2 Nxe5 23. Qxh7+ Kf8 24. Ne4 Nf3+ 25. Kh1 Qe2 26. Nf4 Rd1+ 27. Rxd1 Qxd1+ 28. Kg2 Nxh4+ 29. Qxh4 Qc2+ 30. Kf3 Qd1+ 31. Kf2 Qd4+ 32. Kf3 Rd8 33. g6 Nd5 34. Qxd8# 1-0


[Site "https://www.chess.com"]

[Event "Titled Tuesday Blitz July 4 Late 2023"]
[White "Kazmin_Semyon"]
[Black "Jaracz, Pawel"]
[BlackFideId "1102222"]
[WhiteElo "2416"]
[BlackElo "2716"]
[Result "1-0"]
[Round "1"]
[TimeControl "180+2"]
[Date "2023.07.04"]
[WhiteClock "0:00:35"]
[BlackClock "0:00:07"]
[Board "72"]

1. e4 e6 2. d4 d5 3. e5 c5 4. c3 Nc6 5. Nf3 Nge7 6. Bd3 Nf5 7. dxc5 Bxc5 8. O-O O-O 9. Bg5 Be7 10. Bxe7 Ncxe7 11. Na3 Ng6 12. Nb5 Qb6 13. a4 a6 14. a5 Qc5 15. Nbd4 Bd7 16. Qd2 Rac8 17. Rfc1 Nxd4 18. cxd4 Qe7 19. g3 Bb5 20. Bxb5 axb5 21. h4 Rfd8 22. h5 Nf8 23. h6 g6 24. Nh2 f5 25. exf6 Qxf6 26. Ng4 Qf5 27. Ne5 g5 28. Rxc8 Rxc8 29. Rc1 Rxc1+ 30. Qxc1 Qf6 31. Ng4 Qf5 32. Qc7 Qb1+ 33. Kh2 Qg6 34. Qe7 Qh5+ 35. Kg2 Qf7 36. Nf6+ 1-0


[Site "https://www.chess.com"]

[Event "Titled Tuesday Blitz July 4 Late 2023"]
[White "Ashraf, Artin"]
[Black "Pein, Jonathan"]
[WhiteFideId "22514805"]
[BlackFideId "417092"]
[WhiteElo "2710"]
[BlackElo "2415"]
[Result "1-0"]
[Round "1"]
[TimeControl "180+2"]
[Date "2023.07.04"]
[WhiteClock "0:00:59"]
[BlackClock "0:00:38"]
[Board "73"]

1. Nf3 d6 2. e4 e5 3. Nc3 Nf6 4. d4 exd4 5. Nxd4 g6 6. Be2 Bg7 7. Be3 O-O 8. O-O Re8 9. Bf3 Nbd7 10. Re1 Ne5 11. Be2 Nfg4 12. Bf4 h5 13. h3 Nf6 14. Bf1 Nc6 15. Bg5 Nxd4 16. Qxd4 Be6 17. Qd2 c6 18. Qf4 Qe7 19. Re3 d5 20. e5 Qd7 21. Bxf6 Bf8 22. Rd1 c5 23. Bb5 Qc7 24. Bxe8 Rxe8 25. Nxd5 Bxd5 26. Rxd5 c4 27. Re1 b5 28. Red1 Bc5 29. Rd8 Rxd8 30. Rxd8+ Bf8 31. Qh6 Qxd8 32. Qh8# 1-0


[Site "https://www.chess.com"]

[Event "Titled Tuesday Blitz July 4 Late 2023"]
[White "GAO"]
[Black "Kushko, Dmitriy"]
[BlackFideId "14162261"]
[WhiteElo "2414"]
[BlackElo "2708"]
[Result "0-1"]
[Round "1"]
[TimeControl "180+2"]
[Date "2023.07.04"]
[WhiteClock "0:00:24"]
[BlackClock "0:00:39"]
[Board "74"]

1. Nf3 g6 2. e4 Bg7 3. d4 d6 4. Bg5 a6 5. Nc3 b5 6. a4 b4 7. Nd5 Bb7 8. Bc4 a5 9. c3 h6 10. Bh4 g5 11. Bg3 e6 12. Ne3 Bxe4 13. cxb4 axb4 14. Qb3 d5 15. Bb5+ c6 16. Be2 Bxf3 17. Bxf3 Bxd4 18. Qxb4 Qb6 19. Qxb6 Bxb6 20. O-O Na6 21. Nc4 Bc7 22. Nd6+ Ke7 23. Nb7 Nf6 24. Bxc7 Nxc7 25. Nc5 Rhb8 26. Rfb1 Na6 27. Nd3 Nb4 28. Ne5 Nd7 29. Nxd7 Kxd7 30. Rc1 Nd3 31. Rc3 Nxb2 32. a5 Nc4 33. Be2 Rxa5 34. Rac1 Ne5 35. Re3 Kd6 36. g3 g4 37. h3 h5 38. Re1 f6 39. Kg2 Ra2 40. Bd1 Rbb2 41. Rf1 d4 42. Re4 c5 43. hxg4 hxg4 44. Bxg4 f5 45. Bxf5 exf5 46. Rh4 Ng4 47. Rh6+ Nxh6 0-1


[Site "https://www.chess.com"]

[Event "Titled Tuesday Blitz July 4 Late 2023"]
[White "Daggupati, Balaji"]
[Black "Mickiewicz, Piotr"]
[WhiteFideId "2090759"]
[BlackFideId "1114891"]
[WhiteElo "2704"]
[BlackElo "2414"]
[Result "0-1"]
[Round "1"]
[TimeControl "180+2"]
[Date "2023.07.04"]
[WhiteClock "0:00:18"]
[BlackClock "0:00:09"]
[Board "75"]

1. e4 c6 2. d4 d5 3. Nc3 dxe4 4. Nxe4 Bf5 5. Ng3 Bg6 6. h4 h6 7. h5 Bh7 8. Bd3 Bxd3 9. Qxd3 Nf6 10. Nf3 Nbd7 11. Bf4 e6 12. O-O-O Nd5 13. Bd2 a5 14. Kb1 Nb4 15. Qe2 Be7 16. Ne4 Nf6 17. Nxf6+ Bxf6 18. c3 Qd5 19. cxb4 axb4 20. b3 Qf5+ 21. Kc1 Rxa2 22. Qc4 O-O 23. Bxb4 Rfa8 24. Qc3 Rxf2 25. Nd2 Bg5 26. Qc2 Ra1+ 27. Kb2 Ra2+ 28. Kxa2 Qxc2+ 29. Ka3 Bxd2 30. Bxd2 Rxd2 31. Ra1 Qc3 0-1


[Site "https://www.chess.com"]

[Event "Titled Tuesday Blitz July 4 Late 2023"]
[White "Janturin, Artur"]
[Black "Pulvett Marin, Daniel Eduardo"]
[WhiteFideId "4130022"]
[BlackFideId "3900410"]
[WhiteElo "2413"]
[BlackElo "2695"]
[Result "0-1"]
[Round "1"]
[TimeControl "180+2"]
[Date "2023.07.04"]
[WhiteClock "0:00:00"]
[BlackClock "0:00:19"]
[Board "76"]

1. e4 c5 2. Nf3 d6 3. d4 cxd4 4. Nxd4 Nf6 5. Nc3 a6 6. Nb3 e6 7. g4 b5 8. Bg2 Bb7 9. a3 Nc6 10. f4 Nd7 11. Be3 Nb6 12. Qe2 Nc4 13. O-O-O Qc7 14. Kb1 Rc8 15. Bc1 Be7 16. h4 N6a5 17. Nxa5 Qxa5 18. Rh3 b4 19. axb4 Qxb4 20. Na2 Qb5 21. Qf2 O-O 22. g5 d5 23. exd5 Na3+ 24. Rxa3 Bxa3 25. dxe6 fxe6 26. Bh3 Bd5 27. Qe3 Bc5 28. Bxe6+ Kh8 29. Rxd5 Bxe3 30. Rxb5 Bxc1 31. Rf5 Rxf5 32. Bxf5 Rf8 33. Nxc1 Rxf5 34. Nd3 Kg8 35. c4 Kf7 36. Kc2 Kg6 37. c5 Kh5 38. c6 Rf8 39. Kc3 Rc8 40. Ne5 Kxh4 41. Kc4 Kg3 42. Kc5 Kxf4 43. Kd6 Kxg5 0-1


[Site "https://www.chess.com"]

[Event "Titled Tuesday Blitz July 4 Late 2023"]
[White "Shuvalova, Polina"]
[Black "Szyszylo, Rafal"]
[WhiteFideId "24171760"]
[BlackFideId "1109626"]
[WhiteElo "2689"]
[BlackElo "2412"]
[Result "1-0"]
[Round "1"]
[TimeControl "180+2"]
[Date "2023.07.04"]
[WhiteClock "0:00:22"]
[BlackClock "0:00:00"]
[Board "77"]

1. f4 d6 2. g3 g6 3. Bg2 Bg7 4. Nf3 Nf6 5. O-O O-O 6. d3 Re8 7. Nbd2 e5 8. e4 Nc6 9. fxe5 dxe5 10. Nc4 Bg4 11. h3 Bxf3 12. Qxf3 Nd4 13. Qf2 b5 14. Na5 Qd6 15. Bg5 Re6 16. Nb3 h6 17. Be3 c5 18. Kh1 Rf8 19. Rad1 Qc6 20. Nxc5 Qxc5 21. c3 Rd6 22. cxd4 exd4 23. Bf4 Rd7 24. Rc1 Qb4 25. Rc6 Nh7 26. h4 h5 27. e5 Re7 28. a3 Qb3 29. Qxd4 Qa4 30. Qxa4 bxa4 31. d4 Rd8 32. Rc4 Red7 33. d5 Re7 34. d6 Ree8 35. Bc6 Rxe5 36. Bxe5 Bxe5 37. d7 Nf8 38. Bxa4 Nxd7 39. Rd1 Rb8 40. Bxd7 Bxg3 41. b4 Kg7 42. Kg2 Be5 43. Bc6 Bc7 44. Bd5 Bb6 45. Rf1 Rf8 46. Re4 f5 47. Re7+ Kf6 48. Re6+ Kg7 49. Kf3 f4 50. Be4 Be3 51. Rxg6+ Kf7 52. Rd1 Ke7 53. Rd5 Rc8 54. Rg7+ Kf6 55. Rg6+ Kf7 56. Rxh5 Rc3 57. Rh7+ Kf8 58. Bd5 Bd2+ 59. Ke4 Re3+ 60. Kf5 1-0


[Site "https://www.chess.com"]

[Event "Titled Tuesday Blitz July 4 Late 2023"]
[White "Melikhov, Evgeny V."]
[Black "Papp, Levente"]
[WhiteFideId "4122046"]
[BlackFideId "751243"]
[WhiteElo "2412"]
[BlackElo "2688"]
[Result "0-1"]
[Round "1"]
[TimeControl "180+2"]
[Date "2023.07.04"]
[WhiteClock "0:00:00"]
[BlackClock "0:00:18"]
[Board "78"]

1. d4 Nf6 2. c4 e6 3. Nc3 Bb4 4. Qc2 c5 5. dxc5 a5 6. a3 Bxc5 7. Nf3 O-O 8. e3 b6 9. b3 Bb7 10. Be2 d5 11. cxd5 exd5 12. Nb5 Nbd7 13. Bb2 Rc8 14. Qd1 Qe7 15. O-O Ne4 16. Rc1 Rfd8 17. Rc2 Ndf6 18. Qa1 h6 19. Nbd4 Qd7 20. Ne5 Qe8 21. Nf5 Bf8 22. Rfc1 Rxc2 23. Rxc2 Rc8 24. Rxc8 Qxc8 25. Nd4 Ba6 26. Bxa6 Qxa6 27. Qf1 Qc8 28. Qc1 Qe8 29. Nd3 a4 30. b4 Nd6 31. Qc6 Qxc6 32. Nxc6 Nc4 33. Bxf6 gxf6 34. Nf4 Nxa3 35. Nxd5 Nc4 36. b5 Bg7 37. Nce7+ Kh8 38. Nf5 Bf8 39. Nc3 a3 40. Na2 Kh7 41. Kf1 Kg6 42. Ke2 Kxf5 43. Kd3 Ne5+ 44. Kc3 Ng4 45. f3 Nxe3 46. Kb3 Nxg2 47. Nc3 Ne3 48. Na4 Nd5 49. Kc4 a2 0-1


[Site "https://www.chess.com"]

[Event "Titled Tuesday Blitz July 4 Late 2023"]
[White "Matinian, Nikita"]
[Black "Carrasco Miranda, Andres"]
[WhiteFideId "24129100"]
[BlackFideId "3405990"]
[WhiteElo "2686"]
[BlackElo "2411"]
[Result "1-0"]
[Round "1"]
[TimeControl "180+2"]
[Date "2023.07.04"]
[WhiteClock "0:00:28"]
[BlackClock "0:00:07"]
[Board "79"]

1. e4 e5 2. Nf3 Nc6 3. Bb5 Nf6 4. O-O Nxe4 5. d4 Nd6 6. Bxc6 dxc6 7. dxe5 Nf5 8. Qxd8+ Kxd8 9. h3 h5 10. Nc3 Ke8 11. Bf4 Be6 12. Ng5 Rh6 13. Rad1 Be7 14. Nxe6 Rxe6 15. g4 hxg4 16. hxg4 Rg6 17. f3 Bc5+ 18. Kg2 Be3 19. Bg3 Nxg3 20. Kxg3 Rd8 21. Rxd8+ Kxd8 22. f4 Rh6 23. g5 Rh8 24. Ne4 Ke7 25. f5 g6 26. fxg6 fxg6 27. Rf6 Bd4 28. Rxg6 Bxe5+ 29. Kg4 Rh2 30. Kf5 Bxb2 31. c3 Rc2 32. Rg7+ Kf8 33. Rxc7 Bxc3 34. Rxb7 Bd4 35. a4 Ra2 36. Rb4 Bb6 37. Nf6 Rf2+ 38. Kg6 Ke7 39. Re4+ Kd6 40. Kf7 Ba5 41. g6 Bc3 42. Re6+ Kc7 43. g7 Bxf6 44. Rxf6 Rd2 45. g8=Q Rd8 46. Rxc6+ 1-0


[Site "https://www.chess.com"]

[Event "Titled Tuesday Blitz July 4 Late 2023"]
[White "Federzoni, Enzo"]
[Black "Rosen, Eric"]
[WhiteFideId "2173301"]
[BlackFideId "2032562"]
[WhiteElo "2405"]
[BlackElo "2684"]
[Result "1-0"]
[Round "1"]
[TimeControl "180+2"]
[Date "2023.07.04"]
[WhiteClock "0:00:10"]
[BlackClock "0:00:00"]
[Board "80"]

1. e4 c5 2. Nf3 Nc6 3. Bb5 e6 4. Bxc6 bxc6 5. b3 Ne7 6. Bb2 f6 7. c4 Ng6 8. g3 e5 9. h4 Be7 10. h5 Nf8 11. Nc3 Ne6 12. Na4 O-O 13. Qe2 d6 14. h6 g6 15. Nc3 Nd4 16. Nxd4 cxd4 17. Nd1 c5 18. d3 f5 19. f3 a5 20. Nf2 a4 21. Kf1 Bg5 22. Kg2 Rf7 23. Bc1 axb3 24. Bxg5 Qxg5 25. axb3 Rxa1 26. Rxa1 Qxh6 27. Ra8 Rf8 28. Qa2 fxe4 29. Nxe4 Qe3 30. Nxd6 Qxf3+ 31. Kh2 Qh5+ 32. Kg1 Qd1+ 33. Kh2 Qh5+ 34. Kg1 Qg4 35. Qg2 Be6 36. Rxf8+ Kxf8 37. Qa8+ Kg7 38. Qb7+ Kh6 39. Qh1+ Kg5 40. Ne4+ Kf5 41. Qxh7 Qd1+ 42. Kg2 Qe2+ 43. Nf2 e4 44. dxe4+ Ke5 45. Qc7+ Kf6 46. Qxc5 d3 47. Qd4+ Ke7 48. Qxd3 Qh5 49. Qf3 Qa5 50. Qe3 Qa2 51. c5 Bxb3 52. c6 Qc2 53. Qb6 Be6 54. Qc7+ 1-0


[Site "https://www.chess.com"]

[Event "Titled Tuesday Blitz July 4 Late 2023"]
[White "Czopor, Maciej"]
[Black "Barski, Radoslaw"]
[WhiteFideId "21805431"]
[BlackFideId "1131710"]
[WhiteElo "2684"]
[BlackElo "2404"]
[Result "0-1"]
[Round "1"]
[TimeControl "180+2"]
[Date "2023.07.04"]
[WhiteClock "0:00:03"]
[BlackClock "0:00:04"]
[Board "81"]

1. c4 g6 2. Nc3 Bg7 3. d4 Nf6 4. e4 d6 5. Be2 O-O 6. Be3 Nbd7 7. h4 h5 8. Nh3 c5 9. d5 a6 10. Ng5 Ne5 11. f3 Bd7 12. Qd2 Rb8 13. a4 Qa5 14. O-O Qb4 15. b3 Nh7 16. Rfc1 Nxg5 17. Bxg5 Rfe8 18. Rab1 f5 19. exf5 Bxf5 20. Ne4 Nf7 21. Qxb4 cxb4 22. Be3 e6 23. dxe6 Rxe6 24. Bd3 b5 25. cxb5 axb5 26. axb5 d5 27. Bf4 dxe4 28. fxe4 Be5 29. exf5 gxf5 30. Bxf5 Rf6 31. Bxe5 Nxe5 32. Be4 Rf4 33. Bc6 Rxh4 34. Rc5 Nd3 35. Rg5+ Kf7 36. Rf1+ Ke7 37. Rg7+ Kd6 38. Re1 Nxe1 39. Kf2 Nd3+ 40. Ke3 Nc5 41. g3 Rg4 42. Rh7 Rxg3+ 43. Kf4 Rg4+ 44. Kf5 Rf8+ 0-1


[Site "https://www.chess.com"]

[Event "Titled Tuesday Blitz July 4 Late 2023"]
[White "Silva Lucena, Cristian"]
[Black "Nasuta, Grzegorz"]
[WhiteFideId "2232588"]
[BlackFideId "1141686"]
[WhiteElo "2404"]
[BlackElo "2683"]
[Result "0-1"]
[Round "1"]
[TimeControl "180+2"]
[Date "2023.07.04"]
[WhiteClock "0:00:19"]
[BlackClock "0:01:05"]
[Board "82"]

1. e4 c5 2. Nf3 e6 3. d4 cxd4 4. Nxd4 Nf6 5. Nc3 d6 6. g3 Nc6 7. Bg2 Bd7 8. O-O Be7 9. h3 O-O 10. Re1 a6 11. a4 Rc8 12. g4 Nxd4 13. Qxd4 e5 14. Qd3 Be6 15. Be3 Qc7 16. a5 Nd7 17. Na4 Qxc2 18. Qxc2 Rxc2 19. Rec1 Rfc8 20. Rxc2 Rxc2 21. Rc1 Rxc1+ 22. Bxc1 Kf8 23. Be3 Ke8 24. b4 Kd8 25. Kf1 h6 26. Ke2 Bc4+ 27. Kf3 d5 28. Kg3 d4 29. Bd2 Nb8 30. Nb6 Bb3 31. Nd5 Bd6 32. f4 Nc6 33. fxe5 Bxe5+ 34. Bf4 d3 35. Bxe5 Nxe5 36. Kf4 d2 37. Nc3 f6 0-1


[Site "https://www.chess.com"]

[Event "Titled Tuesday Blitz July 4 Late 2023"]
[White "Papasimakopoulos, Alexandros"]
[Black "Urbina Perez, Juan Antonio"]
[WhiteFideId "4244125"]
[BlackFideId "2217368"]
[WhiteElo "2681"]
[BlackElo "2404"]
[Result "1-0"]
[Round "1"]
[TimeControl "180+2"]
[Date "2023.07.04"]
[WhiteClock "0:02:02"]
[BlackClock "0:01:18"]
[Board "83"]

1. d4 d5 2. c4 c6 3. cxd5 cxd5 4. Bf4 Nf6 5. Nc3 Nc6 6. e3 a6 7. Bd3 e6 8. Rc1 Bd6 9. Bxd6 Qxd6 10. f4 O-O 11. Nf3 b5 12. Ne5 Bb7 13. Qf3 Nd7 14. O-O f5 15. g4 Ne7 16. Nxd7 Qxd7 17. g5 b4 18. Ne2 Rfc8 19. h4 a5 20. h5 Ba6 21. Bxa6 Rxa6 22. Rxc8+ Qxc8 23. Rc1 Rc6 24. Qf1 Rxc1 25. Qxc1 Qxc1+ 26. Nxc1 Nc6 27. Kf2 Kf7 28. Ke2 g6 29. h6 Ke7 30. a3 bxa3 31. bxa3 Kd6 32. Kd3 Kc7 33. Kc3 Kb6 34. Nd3 Nd8 35. Ne5 Kb5 36. Kb3 a4+ 37. Kc3 Ka5 38. Nd7 Kb5 39. Nf8 Nf7 40. Nxh7 Nh8 41. Nf8 1-0


[Site "https://www.chess.com"]

[Event "Titled Tuesday Blitz July 4 Late 2023"]
[White "Mikhalsky, Vladimir"]
[Black "Koellner, Ruben Gideon"]
[WhiteFideId "14144352"]
[BlackFideId "12993093"]
[WhiteElo "2403"]
[BlackElo "2681"]
[Result "1-0"]
[Round "1"]
[TimeControl "180+2"]
[Date "2023.07.04"]
[WhiteClock "0:00:07"]
[BlackClock "0:00:50"]
[Board "84"]

1. d4 d6 2. e4 Nf6 3. Nc3 e5 4. Nf3 Nbd7 5. Bc4 Be7 6. Bxf7+ Kxf7 7. Ng5+ Kg8 8. Ne6 Qe8 9. Nxc7 Qg6 10. O-O Rb8 11. N3d5 Nxd5 12. Nxd5 Bd8 13. Re1 Nf6 14. dxe5 dxe5 15. Be3 b6 16. f3 Be6 17. c4 h6 18. Nb4 Rc8 19. b3 Kh7 20. Qd2 Be7 21. Nd5 Bc5 22. Rac1 Nh5 23. Kh1 Rhd8 24. Qc3 Bxd5 25. exd5 Bxe3 26. Qxe3 Re8 27. Qe4 Nf4 28. Qxg6+ Kxg6 29. Rcd1 Kf5 30. g3 Ng6 31. d6 Rcd8 32. b4 Ke6 33. c5 bxc5 34. bxc5 Rf8 35. f4 Rf5 36. Re4 Kd7 37. Ra4 Ra8 38. Ra6 Rc8 39. c6+ Rxc6 40. Rxc6 Kxc6 41. d7 Rf8 42. d8=Q Rxd8 43. Rxd8 exf4 44. gxf4 Nxf4 45. Rg8 Ne6 46. Re8 Nc7 47. Re7 g5 48. Kg2 a5 49. Rh7 Nd5 50. Rxh6+ Kb5 51. Kg3 Nc3 52. a3 Nb1 53. Rg6 Nxa3 54. Rxg5+ Kb4 55. h4 Nc4 56. h5 a4 57. h6 Nd6 58. Rg4+ Kb3 59. h7 Nf7 60. Rg7 Nh8 61. Rg8 Nf7 62. Rf8 Ng5 63. h8=Q Ne4+ 64. Kg2 Nc3 65. Rb8+ Kc2 66. Rc8 Kb1 67. Qxc3 a3 68. Rb8+ Ka2 69. Qc2+ Ka1 70. Qc1+ Ka2 71. Qb1# 1-0


[Site "https://www.chess.com"]

[Event "Titled Tuesday Blitz July 4 Late 2023"]
[White "benny_aizenberg"]
[Black "Vega Gutierrez, Sabrina"]
[BlackFideId "2219026"]
[WhiteElo "2680"]
[BlackElo "2403"]
[Result "1-0"]
[Round "1"]
[TimeControl "180+2"]
[Date "2023.07.04"]
[WhiteClock "0:00:13"]
[BlackClock "0:00:00"]
[Board "85"]

1. f4 d5 2. Nf3 Nf6 3. g3 g6 4. Bg2 Bg7 5. O-O O-O 6. d3 c5 7. c3 Nc6 8. Qe1 d4 9. e4 dxe3 10. Qxe3 Bf5 11. Rd1 b6 12. Na3 e5 13. Nxe5 Nxe5 14. fxe5 Ng4 15. Qe2 Nxe5 16. Bxa8 Qxa8 17. Bf4 Bg4 18. Qe4 Qxe4 19. dxe4 Bxd1 20. Rxd1 Re8 21. Nb5 Nc4 22. b3 Na5 23. Rd7 h5 24. Nd6 Re6 25. Rd8+ Kh7 26. Nxf7 Bf6 27. Rd7 Kg8 28. e5 Bg7 29. Ng5 Re8 30. e6 Nc6 31. c4 Nd4 32. e7 Nc6 33. Rc7 Nxe7 34. Rxa7 Bd4+ 35. Kg2 Nf5 36. Kf3 Re1 37. Ne4 Rf1+ 38. Ke2 Rh1 39. h4 Rh2+ 40. Kd3 Rh1 41. Ng5 1-0


[Site "https://www.chess.com"]

[Event "Titled Tuesday Blitz July 4 Late 2023"]
[White "Prydun, Andriy"]
[Black "Kavyev, Ruslan"]
[WhiteFideId "14145898"]
[BlackFideId "34110981"]
[WhiteElo "2402"]
[BlackElo "2680"]
[Result "0-1"]
[Round "1"]
[TimeControl "180+2"]
[Date "2023.07.04"]
[WhiteClock "0:00:00"]
[BlackClock "0:00:16"]
[Board "86"]

1. e4 c5 2. Nf3 d6 3. c3 Nf6 4. h3 Nc6 5. Bd3 d5 6. e5 c4 7. Bc2 Nd7 8. Qe2 e6 9. b3 Qc7 10. bxc4 dxc4 11. Qxc4 Ndxe5 12. Qe4 Nxf3+ 13. Qxf3 Be7 14. O-O b6 15. Na3 Bb7 16. Nb5 Qc8 17. Qh5 a6 18. Na3 b5 19. Bb2 Bf6 20. Rab1 Ne5 21. c4 Qc6 22. f3 Nxc4 23. Nxc4 Qxc4 24. Bxf6 gxf6 25. Bb3 Qd4+ 26. Kh1 O-O 27. a4 b4 28. a5 Rab8 29. Rbc1 Qxd2 30. Rc4 Qd3 31. Rfc1 Kh8 32. Rh4 Rbc8 33. Rxc8 Rxc8 34. Rxb4 Rc1+ 35. Kh2 Qd6+ 36. f4 Qxb4 37. Qh4 Qd4 0-1


[Site "https://www.chess.com"]

[Event "Titled Tuesday Blitz July 4 Late 2023"]
[White "Rastbod, Ali"]
[Black "Arnold, Ken"]
[WhiteFideId "12567477"]
[BlackFideId "2056836"]
[WhiteElo "2678"]
[BlackElo "2402"]
[Result "1-0"]
[Round "1"]
[TimeControl "180+2"]
[Date "2023.07.04"]
[WhiteClock "0:00:28"]
[BlackClock "0:00:10"]
[Board "87"]

1. e4 c6 2. Nc3 d5 3. Qe2 d4 4. Nd1 e5 5. g3 Nf6 6. Bg2 Bc5 7. d3 Bb4+ 8. c3 dxc3 9. bxc3 Bc5 10. Nf3 Bg4 11. Ne3 Bxf3 12. Bxf3 Nbd7 13. Rb1 b6 14. Nf5 O-O 15. d4 Be7 16. O-O Re8 17. Rd1 Qc7 18. Nxe7+ Rxe7 19. Ba3 Ree8 20. Qc2 c5 21. d5 Rf8 22. Bc1 Ne8 23. d6 Qc6 24. Qd3 Rd8 25. Bg5 Ndf6 26. Qa6 Rd7 27. Be2 Nxd6 28. Bxf6 gxf6 29. Bg4 f5 30. exf5 f6 31. Qe2 Rfd8 32. Bf3 e4 33. Bg2 Re7 34. Rb2 Rde8 35. Qg4+ Rg7 36. Qf4 Nc4 37. Re2 Rge7 38. Rde1 Qd6 39. Qh6 Qe5 40. Rxe4 Qd6 41. Rxe7 Rxe7 42. Rxe7 Qxe7 43. Bd5+ Kh8 44. Bxc4 1-0


[Site "https://www.chess.com"]

[Event "Titled Tuesday Blitz July 4 Late 2023"]
[White "krucki03"]
[Black "Lizak, Peter"]
[BlackFideId "731595"]
[WhiteElo "2400"]
[BlackElo "2677"]
[Result "1/2-1/2"]
[Round "1"]
[TimeControl "180+2"]
[Date "2023.07.04"]
[WhiteClock "0:00:19"]
[BlackClock "0:00:27"]
[Board "88"]

1. e4 c6 2. Nf3 d5 3. Nc3 dxe4 4. Nxe4 Nf6 5. Qe2 Nxe4 6. Qxe4 Be6 7. d4 Nd7 8. Bd3 Nf6 9. Qf4 Nd5 10. Qd2 g6 11. O-O Bg7 12. c3 O-O 13. Re1 Nb6 14. Qe2 Bg4 15. h3 Bxf3 16. Qxf3 e6 17. Bf4 Nd5 18. Be5 a5 19. Bxg7 Kxg7 20. a3 Qf6 21. Qe4 Nf4 22. Bf1 Rfd8 23. g3 Nd5 24. h4 Ne7 25. a4 h6 26. Ra3 Nf5 27. Rb3 Rd7 28. Bg2 Nd6 29. Qe2 Rad8 30. Bf1 Rc7 31. Qe5 Qxe5 32. Rxe5 Ra8 33. Bd3 Kf6 34. Kg2 Ke7 35. f4 Ne8 36. Kf3 Nf6 37. Bc4 h5 38. Bd3 Nd7 39. Re3 c5 40. Be4 cxd4 41. cxd4 Rb8 42. d5 Nc5 43. Rb5 b6 44. dxe6 Nxe6 45. Bd5 Kf6 46. Bxe6 fxe6 47. Reb3 Rc4 48. Rxb6 Rxb6 49. Rxb6 Rxa4 50. Rb5 Rd4 51. Rxa5 Rd3+ 52. Kf2 Rb3 53. Re5 Rxb2+ 54. Kf3 Rb3+ 55. Kf2 Rc3 56. Re4 Rb3 57. Re5 Rb2+ 58. Kf3 Rb3+ 59. Kf2 1/2-1/2


[Site "https://www.chess.com"]

[Event "Titled Tuesday Blitz July 4 Late 2023"]
[White "Stoleriu, George"]
[Black "Duarte, Leonardo"]
[WhiteFideId "1227505"]
[BlackFideId "110582"]
[WhiteElo "2660"]
[BlackElo "2395"]
[Result "1-0"]
[Round "1"]
[TimeControl "180+2"]
[Date "2023.07.04"]
[WhiteClock "0:00:10"]
[BlackClock "0:00:00"]
[Board "89"]

1. e4 e5 2. Nf3 Nc6 3. Bb5 a6 4. Ba4 Nf6 5. d3 b5 6. Bb3 Bc5 7. O-O O-O 8. Nc3 d6 9. Nd5 h6 10. h3 Na5 11. Be3 Nxb3 12. axb3 Nxd5 13. exd5 Bb7 14. c4 Bb4 15. Bd2 Bc5 16. b4 Bb6 17. Be3 Qe7 18. Rc1 bxc4 19. dxc4 Bxe3 20. fxe3 a5 21. b5 f5 22. Qd2 f4 23. e4 g5 24. Ra1 a4 25. Ra3 Qh7 26. Qc2 Bc8 27. Nh2 h5 28. Rfa1 g4 29. Rxa4 Rxa4 30. Rxa4 gxh3 31. gxh3 Bxh3 32. Ra3 Bd7 33. Nf3 Kh8 34. Kf2 Qg6 35. Ne1 Rg8 36. Ke2 Qg1 37. Qc3 Bg4+ 38. Kd2 Qf2+ 39. Kc1 Rf8 40. Nf3 Qf1+ 41. Kd2 Qf2+ 42. Kc1 Qf1+ 43. Kc2 Rg8 44. Qd3 Qf2+ 45. Nd2 Be2 46. Qh3 Rg2 47. Ra8+ Kg7 48. Qd7+ Kg6 49. Rg8+ Kh6 50. Rh8+ Kg5 51. Qe7+ Kg4 52. Rg8+ Kh3 53. Rxg2 Qxg2 54. b6 cxb6 55. Qxd6 f3 56. Qe6+ Kh2 57. Qxe5+ Kg1 58. d6 f2 59. d7 f1=Q 60. Nxf1 Bxf1+ 61. Kb3 Qf3+ 62. Kb4 Qf8+ 63. Kc3 Qf3+ 64. Kb4 Qf8+ 65. Kb5 Be2 66. Qg5+ Kf1 67. d8=Q Qxd8 68. Qxd8 1-0


[Site "https://www.chess.com"]